Unix NetHack Version 5.0.0-0 post-release - last build May 31 2026 23:59:36 (970b52f25bf058293b47ddfd14a1e40e571c508c,branch:main).

Game began 2026-06-07 22:11:28, ended 2026-06-07 22:43:41.

Jobair, lawful female dwarven Archeologist

                        --------------------------------
                        |..............................|
                        |   ------+-----.----..-----...|
                            |(@]|  |]%.-.|..|--|="]|...|
                            |(m(|  |%%.|.-..|  |%)%|...|
                            |..@|-------.---|  |...|...|
                        |   ---|-...........--+-|---...|
                        |......d.......................|
                        |........{.---|---.{...........|
                        |......@...|.....|.............|         ------
                        |...--+--..|.....|....---|-....|         |....|
                        |..     --+|.._..|.-|-|...|---.-#########...<.|
                        |.         |.....|.|..|!.(|  +.|#        |....|
                        |          -------.|..|(((|  |.|#        |....|
                                          .--------  -.|#        +....|
                                          .           .|#        ------
                                         ---         ---#
                                                      ###

Jobair the Field Worker    St:17 Dx:7 Co:17 In:16 Wi:11 Ch:8  Lawful
Dlvl:7  $:103 HP:0(50) Pw:14(14) AC:7  Xp:5 T:3509 

Latest messages:
 Unlock it with your lock pick? [ynq] (q) n
 The door opens.
 "Hello, Jobair!  Welcome to AlliWar Wickson's hardware store!"
 You see here a lamp called oil (for sale, 18 zorkmids).
 You see here a sack (for sale, 3 zorkmids).
 That tinning kit is a small mimic!
 You lash the small mimic.
 Godzilla II bites it.
 The small mimic hits!
 Godzilla II misses it.
 You lash the small mimic.
 Godzilla II misses it.
 Godzilla II misses the watchman.
 You lash the small mimic.
 Godzilla II bites the watchman.
 The watchman thrusts his spear at Godzilla II.
 The watchman hits Godzilla II.
 You lash the small mimic.
 The small mimic hits!
 You lash the small mimic.
 The small mimic hits!
 You lash the small mimic.
 You lash the small mimic.
 You lash the small mimic.
 You miss the small mimic.
 You lash the small mimic.
 You lash the small mimic.
 You lash the small mimic.
 The small mimic hits!
 You miss the small mimic.
 You lash the small mimic.
 You lash the small mimic.
 You lash the small mimic.
 You lash the small mimic.
 The small mimic hits!
 You lash the small mimic.
 The small mimic hits!
 You lash the small mimic.
 You miss the small mimic.
 You lash the small mimic.
 You lash the small mimic.
 You lash the small mimic.
 The small mimic hits!
 You die...
 AlliWar Wickson gratefully inherits all your possessions.
 Do you want to see what you had when you died? [ynq] (y) y
 Do you want to see your attributes? [ynq] (y) y
 Do you want an account of creatures vanquished? [ynaq] (y) y
 Do you want to see your conduct and achievements? [ynq] (y) y
 Do you want to see the dungeon overview? [ynq] (y) y

Inventory:
 Coins    ('$')
  $ - 103 gold pieces
 Amulets  ('"')
  o - an uncursed amulet of life saving
  Q - an uncursed amulet of life saving
 Weapons  (')')
  l - 43 +0 darts (at the ready)
  L - 3 cursed +0 darts
  j - a cursed -2 elven dagger
  N - a +0 orcish dagger
  R - a +0 aklys (alternate weapon; not wielded)
  a - a +2 bullwhip (weapon in right hand)
 Armor    ('[')
  c - an uncursed +0 fedora
  k - an uncursed +0 orcish helm
  w - an uncursed +0 orcish helm
  P - an uncursed +0 orcish helm (being worn)
  s - an uncursed +0 Uruk-hai shield (being worn)
  h - an uncursed +0 leather jacket (being worn)
 Comestibles  ('%')
  d - 5 uncursed food rations
 Scrolls  ('?')
  S - an uncursed scroll of amnesia
  G - an uncursed scroll of enchant armor
  v - an uncursed scroll of enchant weapon
  Z - a blessed scroll of remove curse
 Potions  ('!')
  p - an uncursed potion of fruit juice
  B - a blessed potion of gain energy
  A - an uncursed potion of healing
  D - an uncursed potion of levitation
  r - an uncursed potion of object detection
  K - an uncursed potion of sleeping
 Rings    ('=')
  n - an uncursed ring of fire resistance
  C - an uncursed ring of free action
 Wands    ('/')
  q - a wand of cancellation (0:5)
 Tools    ('(')
  b - an uncursed sack containing 1 item
  E - an uncursed lock pick
  t - an uncursed mirror
  T - an uncursed mirror
  m - a cursed oil lamp
  u - a blessed tallow candle
  i - an uncursed tin opener
  f - a tinning kit (0:39)
  U - an uncursed towel
  V - 2 uncursed wax candles
 Gems/Stones  ('*')
  W - an uncursed worthless piece of green glass
  I - 3 uncursed worthless pieces of red glass
  Y - 2 uncursed worthless pieces of violet glass
  J - a cursed worthless piece of violet glass
  X - an uncursed flint stone
  g - an uncursed touchstone

Contents of the sack:
  a +0 pick-axe

Jobair the Archeologist's attributes:

Background:
 You were a Field Worker, a level 5 female dwarven Archeologist.
 You were lawful, nominally on a mission for Quetzalcoatl
 who was opposed by Camaxtli (neutral) and Huhetotl (chaotic).
 You were right-handed.
 You were in the Gnomish Mines, on level 7.
 You entered the dungeon 3509 turns ago.
 It was nighttime.
 You had 237 experience points, 83 more were needed to attain level 6.

Basics:
 You had 0 out of 50 hit points.
 You had all 14 energy points (spell power).
 Your armor class was 7.
 Your wallet contained 103 zorkmids.
 Autopickup was off.

Final Characteristics:
 Your strength was 17 (limit:18/100).
 Your dexterity was 7 (limit:20).
 Your constitution was 17 (limit:20).
 Your intelligence was 16 (limit:16).
 Your wisdom was 11 (limit:16).
 Your charisma was 8 (limit:16).

Final Status:
 You weren't hungry.
 You were unencumbered.
 You were wielding a whip.
 You were skilled in whip.

Final Attributes:
 You were piously aligned.
 You were telepathic.
 You had automatic searching.
 You had infravision.
 You were stealthy.
 You are dead.

Miscellaneous:
 You didn't encounter any bones levels.
 Total elapsed playing time was 32 minutes and 11 seconds.

Major events:
 Turn
    1: Jobair the lawful female dwarven Archeologist entered the dungeon
  808: attained the rank of Field Worker (level 3)
 2582: entered the Gnomish Mines
 3345: reached Mine Town
 3509: killed by a small mimic

You didn't know any spells.

Skills:
 Fighting Skills
   bare handed combat [Unskilled]
   two weapon combat  [Unskilled]
   riding             [Unskilled]
 Weapon Skills
   dagger             [Unskilled]
   knife              [Unskilled]
   pick-axe           [Basic]
   short sword        [Unskilled]
   saber              [Unskilled]
   club               [Unskilled]
   quarterstaff       [Unskilled]
   sling              [Unskilled]
   dart               [Unskilled]
   boomerang          [Unskilled]
   whip               [Skilled]
   unicorn horn       [Unskilled]
 Spellcasting Skills
   attack spells      [Unskilled]
   healing spells     [Unskilled]
   divination spells  [Unskilled]
   matter spells      [Unskilled]

Voluntary challenges:
 Character rerolling was not enabled.
 You were an atheist.
 You never genocided any monsters.
 You never polymorphed an object.
 You never changed form.
 You used no wishes.
Achievements:
 You entered a shop.
 You attained the rank of Field Worker.
 You entered the Gnomish Mines.
 You entered Minetown.
 You entered a temple.

 The Dungeons of Doom: levels 1 to 6
    Level 1:
       A fountain, a sink.
    Level 2:
       A food shop, a fountain, a sink.
    Level 3:
       A general store, a fountain.
       Stairs down to The Gnomish Mines.
    Level 4:
       A fountain.
    Level 5:
       Some fountains.
    Level 6:
       A fountain.
 The Gnomish Mines: levels 4 to 7
    Level 4:
    Level 5:
    Level 6:
    Level 7: <- You were here.
       Many shops, a temple and an altar, some fountains.
       Final resting place for
          you, killed by a small mimic.


Vanquished creatures:
  a gnome ruler
  a mountain nymph
  a rock piercer
  a pony
  a fog cloud
  a gnome leader
  2 elf zombies
  a little dog
  a floating eye
  a kitten
  2 homunculi
  2 kobold leaders
  a rabid rat
  a monkey
  a dwarf zombie
  2 acid blobs
  a gas spore
  a hobbit
  9 manes
  a hobgoblin
  4 giant rats
  a cave spider
  a yellow mold
  a green mold
  2 red molds
 14 gnomes
 17 garter snakes
  a gnome zombie
  a gecko
  3 jackals
  2 foxes
  2 kobolds
  2 goblins
  2 sewer rats
  3 grid bugs
  a kobold zombie
  5 newts
94 creatures vanquished.

No species were genocided or became extinct.

Game over:
                       ----------
                      /          \
                     /    REST    \
                    /      IN      \
                   /     PEACE      \
                  /                  \
                  |      Jobair      |
                  |      103 Au      |
                  |   killed by a    |
                  |   small mimic    |
                  |                  |
                  |                  |
                  |       2026       |
                 *|     *  *  *      | *
        _________)/\\_//(\/(/\)/\//\/|_)_______

Goodbye Jobair the Archeologist...

You died in The Gnomish Mines on dungeon level 7 with 1341 points,
and 103 pieces of gold, after 3509 moves.
You were level 5 with a maximum of 50 hit points when you died.

